 Dungeon Crawl Stone Soup version 0.23.2-40-g277498a001 (webtiles) character file.

Game seed: 15514338133817120352

808 BreadTh the Poker (level 7, -3/59 HPs)
             Began as a Hill Orc Fire Elementalist on Sept 4, 2019.
             Was an Initiate of Beogh.
             Slain by a slave (5 damage)
             ... led by Pikel
             ... on level 4 of the Dungeon on Sept 5, 2019.
             The game lasted 00:27:20 (4897 turns).

BreadTh the Poker (Hill Orc Fire Elementalist)      Turns: 4897, Time: 00:27:21

Health: -3/59      AC:  5    Str: 11    XL:     7   Next: 92%
Magic:  3/10       EV: 12    Int: 17    God:    Beogh [......]
Gold:   163        SH:  0    Dex: 15    Spells: 0/10 levels left

rFire    . . .     SeeInvis .   f - +0 trident
rCold    + . .     Gourm    .   (no shield)
rNeg     . . .     Faith    .   v - +0 leather armour {rC+}
rPois    .         Spirit   .   b - +0 helmet
rElec    .         Reflect  .   (no cloak)
rCorr    .         Harm     .   s - +0 pair of gloves
MR       .....                  (no boots)
Stlth    +++.......             (no amulet)
HPRegen  0.19/turn              (no ring)
MPRegen  0.12/turn              (no ring)

@: very slightly contaminated
A: thin skeletal structure 1, camouflage 1, clever 1
a: Renounce Religion


You were on level 4 of the Dungeon.
You worshipped Beogh.
Beogh was noncommittal.
You were hungry.

You visited 1 branch of the dungeon, and saw 5 of its levels.

You collected 163 gold pieces.

Inventory:

Hand Weapons
 e - a +0 dagger
 f - a +0 trident (weapon)
 o - a +2 dagger of draining
Missiles
 g - 77 stones (quivered)
 k - 41 bolts
Armour
 b - a +0 helmet (worn)
 d - a +0 chain mail of cold resistance
 s - a +0 pair of gloves (worn)
 v - a +0 leather armour of cold resistance (worn)
Wands
 r - a wand of iceblast (10)
 u - a wand of random effects (11)
Scrolls
 a - a scroll of fog {unknown}
 i - a scroll of teleportation
 j - 2 scrolls of random uselessness
 m - 2 scrolls of remove curse {unknown}
 n - 5 scrolls of identify {unknown}
Potions
 p - a potion of resistance {unknown}
 q - a potion of heal wounds {unknown}
Comestibles
 c - 8 rations


   Skills:
 + Level 4.3 Fighting
 * Level 5.7 Polearms
 - Level 2.0 Dodging
 - Level 2.0 Stealth
 - Level 2.0 Spellcasting
 - Level 4.2 Conjurations
 - Level 4.0 Fire Magic


You couldn't memorise any spells.
You knew the following spells:

 Your Spells              Type           Power        Failure   Level  Hunger
a - Flame Tongue          Conj/Fire      ###..        4%          1    #......
b - Throw Flame           Conj/Fire      ###...       7%          2    ###....
c - Conjure Flame         Conj/Fire      ###.....     14%         3    ###....
d - Sticky Flame          Conj/Fire      ###.....     43%         4    #####..

Your spell library contained the following spells:

 Spells                   Type           Power        Failure   Level  Hunger
 Inner Flame              Hex/Fire       #.......     32%         3    ###....
 Fireball                 Conj/Fire      ###.......   78%         5    ######.


Dungeon Overview and Level Annotations

Branches:
Dungeon (5/15)
 Temple: D:4-7

Altars:
Nemelex Xobeh
Sif Muna
Uskayaw
Zin

Shops:
D:5 *

Annotations:
D:2 !, Sigmund
D:4 Pikel


Innate Abilities, Weirdness & Mutations

You have a somewhat thin skeletal structure. (Dex +2, Stealth)
Your skin changes colour to match your surroundings (Stealth+).
Your mind is acute. (Int +2)


Message History

Pikel hits you with a +2 whip of freezing!
* * * LOW HITPOINT WARNING * * *
Pikel freezes you.
* * * LOW HITPOINT WARNING * * *
You climb upwards.
There is a stone staircase leading down, spattered with blood here.
Unknown command.
You feel better.
Pikel burns!
Pikel stops burning.
The slave misses you. The slave hits you but does no damage.
The slave hits you.
* * * LOW HITPOINT WARNING * * *
Really quaff the potion of mutation?
You feel extremely strange.
You feel robust.
You feel less repulsive.
You feel less resistant to hostile enchantments.
You feel clever.
Your skin functions as natural camouflage.
The slave hits you.
* * * LOW HITPOINT WARNING * * *
The slave hits you.
You die...

############# #...........# #
########## #...........#
#####........######...........#
....'........'.p@pK...........#
#####........###p##...........#
# #........# #.##...........# #
#........# #.##...........# #
########## #.#####.########
############ #.# #.#######
...o.......# #.# #.......#
####o......# #.# #######.# #
#.......# #.# #.#


You could see Pikel and 3 slaves.

Vanquished Creatures
  2 ogres (D:4)
  2 phantoms
  Blork the orc (D:5)
  A scorpion (D:4)
  A howler monkey (D:4)
  2 hounds (D:4)
  A centaur skeleton (D:4)
  An iguana (D:4)
  Ijyb (D:4)
  2 worker ants (D:4)
  5 adders
  3 oozes
  An adder skeleton (D:4)
  A dart slug (D:1)
  7 leopard geckos
  8 orcs
  A giant cockroach (D:1)
  4 goblins
  9 hobgoblins
  4 kobolds
  2 quokkas (D:4)
  2 ball pythons
  2 bats (D:1)
  3 frilled lizards
  A leopard gecko zombie (D:5)
  6 rats
73 creatures vanquished.

Vanquished Creatures (others)
  An orc (D:4)
1 creature vanquished.

Grand Total: 74 creatures vanquished

Notes
Turn   | Place    | Note
-------+----------+-------------------------------------------
     0 | D:1      | BreadTh the Hill Orc Fire Elementalist began the quest for
                  | the Orb.
     0 | D:1      | Reached XP level 1. HP: 14/14 MP: 3/3
   224 | D:1      | Reached XP level 2. HP: 5/20 MP: 0/4
   582 | D:1      | Learned a level 2 spell: Throw Flame
   810 | D:1      | Reached XP level 3. HP: 26/26 MP: 3/5
  1159 | D:2      | Noticed Sigmund
  1190 | D:2      | Found a sparkling altar of Nemelex Xobeh.
  1245 | D:2      | Found a deep blue altar of Sif Muna.
  1354 | D:3      | Found a hide-covered altar of Uskayaw.
  1657 | D:3      | Reached XP level 4. HP: 25/33 MP: 2/7
  2337 | D:4      | Learned a level 3 spell: Conjure Flame
  2624 | D:4      | Reached XP level 5. HP: 37/38 MP: 0/8
  2783 | D:4      | Noticed an ogre
  2834 | D:4      | Killed an ogre
  2834 | D:4      | Reached skill level 1 in Fighting
  2834 | D:4      | Reached skill level 2 in Polearms
  2834 | D:4      | Reached XP level 6. HP: 46/47 MP: 1/9
  3079 | D:4      | Reached skill level 3 in Polearms
  3349 | D:4      | Reached XP level 7. HP: 56/56 MP: 6/10
  3681 | D:4      | Identified the +0 robe of Fortification {rElec rF+ rCorr
                  | Dex-3}
  3684 | D:4      | Became a worshipper of Beogh the Brigand
  3737 | D:4      | Reached skill level 4 in Polearms
  3980 | D:5      | Entered Level 5 of the Dungeon
  4050 | D:5      | Learned a level 4 spell: Sticky Flame
  4074 | D:5      | Noticed Blork the orc
  4101 | D:5      | Killed Blork the orc
  4101 | D:5      | Reached skill level 5 in Polearms
  4108 | D:5      | Noticed Ijyb
  4118 | D:5      | Noticed Pikel
  4124 | D:5      | Gained mutation: You are surrounded by a mild repulsion
                  | field. (EV +2) [potion of mutation]
  4124 | D:5      | Gained mutation: You are frail. (-10% HP) [potion of
                  | mutation]
  4124 | D:5      | Gained mutation: You are resistant to hostile enchantments.
                  | (MR+) [potion of mutation]
  4124 | D:5      | Gained mutation: You have a somewhat thin skeletal
                  | structure. (Dex +2, Stealth) [potion of mutation]
  4409 | D:5      | Found Zin's Purification Station.
  4412 | D:5      | Found a glowing silver altar of Zin.
  4533 | D:4      | Killed Ijyb
  4894 | D:5      | HP: 2/53 [Pikel/+2 whip of freezing (1)]
  4897 | D:4      | Lost mutation: You are frail. (-10% HP) [potion of
                  | mutation]
  4897 | D:4      | Lost mutation: You are surrounded by a mild repulsion
                  | field. (EV +2) [potion of mutation]
  4897 | D:4      | Lost mutation: You are resistant to hostile enchantments.
                  | (MR+) [potion of mutation]
  4897 | D:4      | Gained mutation: Your mind is acute. (Int +2) [potion of
                  | mutation]
  4897 | D:4      | Gained mutation: Your skin changes colour to match your
                  | surroundings (Stealth+). [potion of mutation]
  4897 | D:4      | Slain by a slave

Skill      XL: |  1  2  3  4  5  6  7 |
---------------+----------------------+-----
Conjurations   | 2 3 4 |  4.2
Stealth        | 2 |  2.0
Spellcasting   | 2 |  2.0
Dodging        | 2 |  2.0
Fire Magic     | 4 |  4.0
Fighting       | 1 2 4 |  4.3
Polearms       | 2 3 5 |  5.7

Action                   |  1- 3 |  4- 6 |  7- 9 || total
-------------------------+-------+-------+-------++-------
Melee: Dagger            |    56 |    54 |       ||   110
       Trident           |       |    60 |   107 ||   167
 Cast: Flame Tongue      |    37 |    34 |    17 ||    88
       Conjure Flame     |       |     5 |     2 ||     7
       Sticky Flame      |       |       |     2 ||     2
Invok: Convert to Beogh  |       |       |     1 ||     1
  Use: Potion            |       |       |     4 ||     4
       Scroll            |       |       |     2 ||     2
 Stab: Sleeping          |     1 |       |       ||     1
  Eat: Chunk             |     3 |     7 |     3 ||    13
       Ration            |       |       |     1 ||     1
Armor: Robe              |    23 |     3 |       ||    26
       Leather armour    |       |    25 |    23 ||    48
Dodge: Dodged            |    58 |    54 |    75 ||   187
